 Dungeon Crawl Stone Soup version 0.19-a0-722-g27ac516 (webtiles) character file.

19264 TheGoonsmith the Destroyer (level 12, -7/59 HPs)
             Began as a Deep Elf Conjurer on June 21, 2016.
             Was the Champion of Sif Muna.
             Mangled by a frost giant
             ... wielding a +1 battleaxe of freezing
              (32 damage)
             ... in an ice cave.
             The game lasted 00:41:29 (11283 turns).

TheGoonsmith the Destroyer (Deep Elf Conjurer)     Turns: 11283, Time: 00:41:29

Health: -7/59      AC: 14    Str:  5    XL:     12   Next: 35%
Magic:  22/30      EV: 23    Int: 22    God:    Sif Muna [******]
Gold:   634        SH:  0    Dex: 24    Spells: 6 memorised, 15 levels left

rFire  + . .     SeeInvis .     C - +2 dagger (venom)
rCold  + . .     Gourm    .     y - +2 robe {rC+}
rNeg   . . .     Faith    .     F - +2 buckler
rPois  .         Spirit   .     f - +0 helmet
rElec  .         Dismiss  .     D - +1 cloak
rCorr  .         Reflect  .     R - +0 pair of gloves
SustAt .         Harm     .     i - +0 pair of boots
MR     +....                    E - amulet of magic regeneration
Stlth  ++........               h - ring of protection from fire
                                s - +5 ring of protection

@: confused, agile, somewhat resistant to hostile enchantments, unstealthy
A: no striking features
a: Channel Energy, Forget Spell, Renounce Religion


You were in an ice cave.
You worshipped Sif Muna.
Sif Muna was exalted by your worship.
You were hungry.

You visited 2 branches of the dungeon, and saw 12 of its levels.
You also visited: Ice Cave.

You collected 634 gold pieces.

Inventory:

Hand Weapons
 C - a +2 dagger of venom (weapon)
Armour
 f - a +0 helmet (worn)
 i - a +0 pair of boots (worn)
 y - a +2 robe of cold resistance (worn)
 D - a +1 cloak (worn)
 F - a +2 buckler (worn)
 H - a +1 leather armour of poison resistance
 R - a +0 pair of gloves (worn)
Jewellery
 h - a ring of protection from fire (right hand)
 s - a +5 ring of protection (left hand)
 z - an uncursed ring of see invisible
 E - an amulet of magic regeneration (around neck)
 P - an uncursed ring of wizardry
 Z - an uncursed amulet of guardian spirit
Wands
 a - a wand of acid (6/15)
 X - a wand of iceblast (4/15)
Scrolls
 c - 4 scrolls of remove curse
 d - a scroll of silence
 r - a scroll of identify
 t - a scroll of fog
 N - 2 scrolls of recharging
Potions
 e - a potion of lignification {unknown}
 g - 4 potions of curing
 l - 5 potions of mutation
 o - 2 potions of haste
 q - a potion of cure mutation {unknown}
 u - a potion of invisibility {unknown}
 v - 3 potions of might {unknown}
 B - a potion of beneficial mutation {unknown}
 G - a potion of agility
 M - 3 potions of brilliance {unknown}
 Q - a potion of experience {unknown}
 S - a potion of flight {unknown}
 T - a potion of resistance {unknown}
 U - a potion of berserk rage {unknown}
Books
 j - Gang's Almanac of Ensnaring Heat
   (Sif Muna gifted it to you on level 1 of the Lair of Beasts)

   Spells                             Type                      Level
   a - Corona                         Hexes                        1
   b - Conjure Flame                  Conjuration/Fire             3
   c - Fulminant Prism                Conjuration/Hexes            4
   d - Darkness                       Hexes                        6
Miscellaneous
 W - a lamp of fire (inert)
Comestibles
 b - 7 chunks of flesh
 p - 4 meat rations
 A - 9 slices of pizza


   Skills:
 - Level 6.8 Dodging
 - Level 2.4 Stealth
 - Level 4.0 Shields
 - Level 12.1 Spellcasting
 - Level 14.0 Conjurations
 - Level 9.3 Hexes
 - Level 8.4 Charms
 + Level 6.9 Invocations


You had 15 spell levels left.
You knew the following spells:

 Your Spells              Type           Power        Failure   Level  Hunger
a - Magic Dart            Conj           ####         0%          1    None
b - Searing Ray           Conj           ######       1%          2    None
c - Fulminant Prism       Conj/Hex       ######....   1%          4    None
d - Cause Fear            Hex            ######....   1%          4    None
x - Iskenderun's Mystic   Conj           ######..     1%          4    None
z - Iskenderun's Battles  Conj/Chrm      ######..     1%          5    ####...


Dungeon Overview and Level Annotations

Branches:
Dungeon (11/15)            Temple (0/1) D:6            Lair (1/6) D:11
    Orc (0/2) D:10

Altars:
Ashenzari
Elyvilon
Fedhas
Gozag
Hepliaklqana
Kikubaaqudgha
Okawaru
Qazlal
Sif Muna
Xom
The Shining One

Shops:
D:7 (

Annotations:
D:4 TheGoonsmith's ghost, amateur GrEE


Message History

The magic dart hits the frost giant.
The frost giant is almost dead.
Your battlesphere fires!
The barrage of energy hits the frost giant.
The frost giant is almost dead.
Your battlesphere expends the last of its energy and dissipates.
You block the frost giant's attack. The frost giant casts a spell at you.
The bolt of cold hits you! You resist.
* * * LOW HITPOINT WARNING * * *
Okay, then.
You feel agile all of a sudden.
You are confused.
You feel invigorated.
The frost giant hits you but does no damage.
The frost giant points at you and mumbles some strange words.
The bolt of cold misses you.
The frost giant hits you with a battleaxe of freezing!!
Ouch! That really hurt!
You die...

## #..##
##†.# .#
##.#
#..# .##
#..#
##.##
..###.##
#..#
..##..#
##.#
.....##
#.##
....##
#††##
...##
##†.#
#..#
#.@#
#.##
#C.# ###
##.#
#..#
#..#
##.##
#..#
##..#
#..##


You could see a frost giant.

Vanquished Creatures
  An unseen horror (D:11)
  Pikel (D:4)
  2 hill giants
  2 cyclopes (D:11)
  An ice statue (IceCv)
  2 rime drakes (Lair:1)
  A komodo dragon (Lair:1)
  3 trolls
  18 polar bears (IceCv)
  Prince Ribbit (D:6)
  A two-headed ogre (D:11)
  Grinder (D:4)
  A wraith (D:11)
  2 hogs (D:8)
  A human (D:8)
  24 yaks
  3 hungry ghosts (D:9)
  Edmund (D:6)
  Purgy (D:4)
  3 ice beasts
  A phantom (D:4)
  3 orc warriors
  4 sky beasts
  6 ogres
  A necrophage (D:7)
  8 centaurs
  11 wolves
  A big kobold (D:10)
  Blork the orc (D:6)
  6 giant frogs
  6 scorpions
  3 killer bees (D:11)
  4 howler monkeys
  2 crimson imps
  A giant frog zombie (D:6)
  A quasit (D:10)
  9 hounds
  A centaur zombie (D:6)
  10 orc wizards
  9 orc priests
  4 jellies
  Crazy Yiuf (D:4)
  4 iguanas
  A hell rat (D:11)
  8 worker ants
  2 sheep (D:8)
  A hound zombie (D:9)
  3 worker ant zombies
  4 gnolls (D:6)
  8 adders
  3 shadow imps
  2 oozes
  An adder zombie (D:6)
  2 adder skeletons
  A worm (D:2)
  2 dart slugs (D:2)
  7 giant geckos
  51 orcs
  A giant cockroach (D:1)
  7 goblins
  12 hobgoblins
  11 kobolds
  11 quokkas
  A ball python (D:2)
  5 bats
  A giant gecko skeleton (D:8)
  A giant newt (D:6)
  19 rats
332 creatures vanquished.

Vanquished Creatures (others)
  3 slaves (D:4)
  A centaur skeleton (D:4)
  A goblin (D:4)
  2 giant newts (D:4)
  50 fulminant prisms
  A plant (Lair:1)
58 creatures vanquished.

Grand Total: 390 creatures vanquished

Notes
Turn   | Place    | Note
--------------------------------------------------------------
     0 | D:1      | TheGoonsmith the Deep Elf Conjurer began the quest for the Orb.
     0 | D:1      | Reached XP level 1. HP: 10/10 MP: 6/6
    61 | D:1      | Reached XP level 2. HP: 15/15 MP: 0/8
   312 | D:1      | Reached skill level 5 in Conjurations
   491 | D:1      | Reached XP level 3. HP: 19/19 MP: 6/10
  1347 | D:3      | Reached XP level 4. HP: 24/24 MP: 2/12
  1472 | D:3      | Found an iron altar of Okawaru.
  1594 | D:3      | Found a hazy altar of Hepliaklqana.
  1597 | D:3      | Found a glowing golden altar of the Shining One.
  1600 | D:3      | Found a shimmering altar of Xom.
  1640 | D:3      | Found an ancient bone altar of Kikubaaqudgha.
  1878 | D:4      | Reached skill level 6 in Conjurations
  2007 | D:4      | Noticed Purgy
  2016 | D:4      | Learned a level 2 spell: Searing Ray
  2021 | D:4      | Learned a level 4 spell: Iskenderun's Mystic Blast
  2034 | D:4      | Killed Purgy
  2034 | D:4      | Reached skill level 5 in Spellcasting
  2034 | D:4      | Reached XP level 5. HP: 28/28 MP: 4/14
  2116 | D:4      | Noticed Grinder
  2117 | D:4      | Noticed a phantom
  2124 | D:4      | Killed Grinder
  2124 | D:4      | Reached skill level 7 in Conjurations
  2124 | D:4      | Reached XP level 6. HP: 25/32 MP: 7/16
  2159 | D:4      | HP: 1/32 [worker ant (5)]
  2184 | D:4      | Reached XP level 7. HP: 12/36 MP: 4/18
  2403 | D:4      | Found an iron altar of Okawaru.
  2424 | D:4      | Reached skill level 8 in Conjurations
  2588 | D:4      | Noticed Pikel
  2600 | D:4      | Killed Pikel
  2600 | D:4      | Reached skill level 9 in Conjurations
  2600 | D:4      | Reached XP level 8. HP: 21/41 MP: 4/21
  2742 | D:4      | Reached skill level 10 in Conjurations
  2763 | D:4      | Learned a level 5 spell: Iskenderun's Battlesphere
  2796 | D:4      | Reached skill level 1 in Charms
  2802 | D:4      | Learned a level 4 spell: Fulminant Prism
  2901 | D:4      | Found a deep blue altar of Sif Muna.
  2927 | D:4      | Became a worshipper of Sif Muna the Loreminder
  3008 | D:4      | Reached skill level 1 in Hexes
  3051 | D:4      | Noticed Crazy Yiuf
  3056 | D:4      | Killed Crazy Yiuf
  3273 | D:4      | Noticed TheGoonsmith's ghost (amateur GrEE)
  3335 | D:5      | Entered Level 5 of the Dungeon
  3539 | D:5      | Found a shattered altar of Ashenzari.
  3553 | D:5      | Got an ebony spear
  3554 | D:5      | Identified the cursed +2 spear of Perversion {drain, rN+} (You found it on level 5 of the Dungeon)
  3642 | D:5      | Reached * piety under Sif Muna
  4235 | D:5      | Reached XP level 9. HP: 45/45 MP: 16/23
  4343 | D:5      | Got a steaming battleaxe
  4344 | D:5      | Identified the cursed +0 battleaxe of Defence {flame, Fragile rF+ Str+6 Dex+2} (You found it on level 5 of the Dungeon)
  4371 | D:6      | Noticed Blork the orc
  4558 | D:6      | Found a staircase to the Ecumenical Temple.
  4564 | D:6      | Identified a scroll of acquirement
  4633 | D:6      | Reached skill level 5 in Charms
  4644 | D:6      | Killed Blork the orc
  4889 | D:6      | Reached skill level 11 in Conjurations
  4892 | D:6      | Reached ** piety under Sif Muna
  5042 | D:6      | Noticed Edmund
  5047 | D:6      | Killed Edmund
  5083 | D:6      | Noticed Prince Ribbit
  5090 | D:6      | Killed Prince Ribbit
  5579 | D:7      | Found a stormy altar of Qazlal.
  5721 | D:7      | Reached *** piety under Sif Muna
  5778 | D:7      | Noticed a troll
  5789 | D:7      | Killed a troll
  6026 | D:7      | Found Qaujil's Weapon Boutique.
  6260 | D:8      | Noticed a troll
  6270 | D:8      | Killed a troll
  6270 | D:8      | Reached skill level 1 in Shields
  6270 | D:8      | Reached XP level 10. HP: 50/50 MP: 11/25
  7014 | D:9      | Reached skill level 5 in Dodging
  7452 | D:9      | Found a blossoming altar of Fedhas.
  7452 | D:9      | Found a white marble altar of Elyvilon.
  7936 | D:10     | Entered Level 10 of the Dungeon
  8109 | D:10     | Found a staircase to the Orcish Mines.
  8168 | D:10     | Learned a level 4 spell: Cause Fear
  8273 | D:10     | Noticed a hill giant
  8280 | D:10     | Killed a hill giant
  8280 | D:10     | Reached skill level 12 in Conjurations
  8280 | D:10     | Reached skill level 5 in Hexes
  8339 | D:10     | Found an opulent altar of Gozag.
  8391 | D:10     | Reached **** piety under Sif Muna
  8982 | D:11     | Reached XP level 11. HP: 54/54 MP: 12/26
  9000 | D:11     | Noticed a hill giant
  9008 | D:11     | Killed a hill giant
  9174 | D:11     | HP: 2/54 [something (6)]
  9191 | D:11     | Killed an unseen horror
  9191 | D:11     | Reached ***** piety under Sif Muna
  9487 | D:11     | Reached skill level 13 in Conjurations
  9782 | D:11     | Reached skill level 10 in Spellcasting
 10163 | D:11     | Found a staircase to the Lair.
 10417 | Lair:1   | Entered Level 1 of the Lair of Beasts
 10596 | Lair:1   | Reached ****** piety under Sif Muna
 10596 | Lair:1   | Received a gift from Sif Muna
 10601 | Lair:1   | Identified Gang's Almanac of Ensnaring Heat (Sif Muna gifted it to you on level 1 of the Lair of Beasts)
 10603 | Lair:1   | Found a frozen archway.
 10612 | IceCv    | Entered an ice cave
 10797 | IceCv    | Reached skill level 14 in Conjurations
 10797 | IceCv    | Reached XP level 12. HP: 46/59 MP: 19/30
 10820 | IceCv    | Reached skill level 1 in Invocations
 11130 | IceCv    | Reached skill level 5 in Invocations
 11253 | IceCv    | Noticed a frost giant
 11283 | IceCv    | Mangled by a frost giant

Vault maps used:
D:1:      erik_arrival_orb_chamber, serial_park_tiny_pond, glass_columns_a
D:3:      lemuel_crystal_altar, grunt_temple_overflow_diamond,
          marbit_many_paths, minmay_statues_item
D:4:      kennysheep_little_box, okawaru_altar_gauntlet_db, uniq_grinder,
          uniq_crazy_yiuf_cottage, uniq_pikel, uniq_purgy
D:5:      first_bread, serial_bayou_pond_b, evilmike_ruin_ashenzari
D:6:      uniq_edmund, uniq_blork_the_orc, uniq_prince_ribbit1
D:7:      serial_shops, nicolae_shop_window_shopping, basic_altar
D:8:      grunt_livestock
D:9:      gammafunk_temple_overflow_elements
D:10:     orc_0_dummy, basic_altar
D:11:     dpeg_lair_monsters
Lair:1:   portal_ice_cave_rime
IceCv:    ice_cave_small_giant

Skill      XL: |  1  2  3  4  5  6  7  8  9 10 11 12 |
---------------+-------------------------------------+-----
Conjurations   | 5 6 7 9 10 11 12 14 | 14.0
Spellcasting   | 4 5 6 7 8 9 12 | 12.1
Charms         | 4 8 |  8.4
Hexes          | 3 4 6 9 |  9.3
Dodging        | 3 6 |  6.8
Shields        | 1 4 |  4.0
Invocations    | 6 |  6.9
Stealth        | |  2.4

Action                   |  1- 3 |  4- 6 |  7- 9 | 10-12 || total
-------------------------+-------+-------+-------+-------++-------
Melee: Dagger            |     5 |    14 |     1 |    17 ||    37
 Cast: Magic Dart        |   105 |    45 |   198 |   280 ||   628
       Searing Ray       |       |     6 |    21 |    30 ||    57
       Fulminant Prism   |       |       |    15 |    36 ||    51
       Iskenderun's Batt |       |       |    20 |    45 ||    65
       Iskenderun's Myst |       |       |       |    20 ||    20
       Cause Fear        |       |       |       |     2 ||     2
Invok: Channel Energy    |       |       |       |     3 ||     3
Evoke: Lamp of fire      |       |       |       |     1 ||     1
  Use: Scroll            |       |     1 |    11 |    12 ||    24
       Potion            |       |     2 |       |     5 ||     7
  Eat: Chunk             |     1 |     1 |     5 |    21 ||    28
       Bread ration      |       |     1 |     2 |     1 ||     4
Armor: Robe              |     1 |    16 |    21 |    14 ||    52
       Leather armour    |       |       |       |    25 ||    25
Dodge: Dodged            |     6 |    25 |    42 |    96 ||   169
Block: Buckler           |       |       |     2 |    47 ||    49
